 Dungeon Crawl Stone Soup version 0.24.0-123-gd5b16e6ec5 (webtiles) character file.

Game seed: 14720078029701589232, levelgen mode: deterministic

392 FishyPogo the Covered (level 6, -1/48 HPs)
             Began as a Demonspawn Gladiator on Jan 25, 2020.
             Killed by divine providence
             ... invoked by an orc priest
              (9 damage)
             ... on level 5 of the Dungeon.
             The game lasted 00:05:37 (3308 turns).

FishyPogo the Covered (Demonspawn Gladiator)        Turns: 3308, Time: 00:05:37

Health: -1/48      AC:  6    Str: 16    XL:     6   Next: 51%
Magic:  6/6        EV: 13    Int: 10    God:
Gold:   163        SH:  0    Dex: 17    Spells: 5/5 levels left

rFire    + . .     SeeInvis .   s - +2 dagger (drain)
rCold    . . .     Gourm    .   (no shield)
rNeg     . . .     Faith    .   b - +0 leather armour
rPois    .         Spirit   .   (helmet restricted)
rElec    .         Reflect  .   (no cloak)
rCorr    .         Harm     .   g - +2 pair of gloves {Dex+3}
MR       .....                  (no boots)
Stlth    +.........             (no amulet)
HPRegen  0.16/turn              (no ring)
MPRegen  0.10/turn              (no ring)

@: no status effects
A: antennae 1, claws 1, talons 2, fire resistance 1
a: no special abilities


You were on level 5 of the Dungeon.
You were not hungry.

You visited 1 branch of the dungeon, and saw 5 of its levels.

You collected 193 gold pieces.
You spent 30 gold pieces at shops.

Inventory:

Hand Weapons
 a - a +2 dagger of protection
 s - a +2 dagger of draining (weapon)
Missiles
 d - 3 throwing nets (quivered)
 r - 16 stones
 x - 48 poisoned darts
Armour
 b - a +0 leather armour (worn)
 c - a +0 helmet
 g - a +2 pair of gloves of dexterity (worn)
Jewellery
 k - an uncursed ring of poison resistance {unknown}
 n - an uncursed ring of flight {unknown}
 o - a cursed ring of teleportation {unknown}
Scrolls
 h - a scroll of remove curse {unknown}
 i - 2 scrolls of fear {unknown}
 j - 5 scrolls of identify
 m - 2 scrolls of magic mapping
 p - a scroll of teleportation
 w - 4 scrolls of enchant weapon {unknown}
 y - 3 scrolls of blinking
Potions
 e - a potion of curing
 l - 2 potions of flight {unknown}
 q - 2 potions of heal wounds
 t - a potion of might {unknown}
 u - a potion of haste {unknown}
 v - a potion of berserk rage {unknown}
Comestibles
 f - 8 rations
 z - 9 chunks of flesh


   Skills:
 + Level 3.9 Fighting
 + Level 3.5 Short Blades
 - Level 2.0 Throwing
 * Level 4.4 Armour
 - Level 2.6 Dodging


You had 5 spell levels left.
You didn't know any spells.
Your spell library was empty.

Dungeon Overview and Level Annotations

Branches:
Dungeon (5/15)
 Temple: D:4-7

Altars:
Vehumet

Shops:
D:4 *

Annotations:
D:5 2 runed translucent doors


Innate Abilities, Weirdness & Mutations

You have a pair of small antennae on your head.
You have sharp fingernails.
You have razor-sharp toenails.
Your flesh is heat resistant. (rF+)


Message History

You barely miss the orc priest. You claw the orc priest.
The orc priest is moderately wounded.
The orc priest invokes the aid of Beogh against you.
Beogh smites you! The orc hits you with a +0 mace.
* * * LOW HITPOINT WARNING * * *
You are too injured to fight recklessly!
You are too injured to fight recklessly!
You are too injured to fight recklessly!
You are too injured to fight recklessly!
You hit the orc priest. You claw the orc priest.
The orc priest is almost dead.
The orc priest mumbles some strange prayers to Beogh against you.
Pain shoots through your body!
* * * LOW HITPOINT WARNING * * *
You closely miss the orc priest.
The orc priest is almost dead.
The orc closely misses you.
The orc priest mumbles some strange prayers to Beogh against you.
Beogh smites you!
You die...

*,,*,**,,,,******* ###+#.# *
*,,*,**,,,,#########.....# *
****,**,,,,#......##.....# *
*,**,,,,+......##.....######
*,***,,,#......##...........
*,* ****#......##.....######
*,* #......##.....## #
*,**#####.o....####'#..# #
*,,,...o.oo@..#####.#..# #
****#########.......#..#####
#.##............
#.##............
#.##............
#.##............
#.##..........[.
#.##......#..###
#.*######.##....


You could see an orc priest and 3 orcs.

Vanquished Creatures
  A sky beast (D:5)
  An orc priest (D:5)
  A jelly (D:3)
  An orc wizard (D:5)
  An iguana (D:4)
  A worker ant (D:5)
  A hound skeleton (D:4)
  7 adders
  2 oozes
  A worm (D:4)
  2 dart slugs
  A leopard gecko (D:3)
  3 orcs
  4 giant cockroaches
  11 goblins
  9 hobgoblins
  8 jackals (D:1)
  2 kobolds (D:3)
  A quokka (D:3)
  4 ball pythons
  10 bats
  6 frilled lizards
  6 rats
84 creatures vanquished.

Notes
Turn   | Place    | Note
-------+----------+-------------------------------------------
     0 | D:1      | FishyPogo the Demonspawn Gladiator began the quest for the
                  | Orb.
     0 | D:1      | Reached XP level 1. HP: 16/16 MP: 1/1
    93 | D:1      | Gained mutation: You have sharp fingernails. [demonic
                  | ancestry]
    93 | D:1      | Reached XP level 2. HP: 22/22 MP: 2/2
   174 | D:1      | Reached skill level 1 in Armour
   711 | D:2      | Gained mutation: You have sharp toenails. [demonic
                  | ancestry]
   711 | D:2      | Reached XP level 3. HP: 28/28 MP: 3/3
   788 | D:2      | Reached skill level 2 in Armour
   975 | D:2      | Gained mutation: Your flesh is heat resistant. (rF+)
                  | [demonic ancestry]
   975 | D:2      | Reached XP level 4. HP: 32/34 MP: 4/4
  1367 | D:3      | Found a radiant altar of Vehumet.
  1568 | D:3      | Reached skill level 3 in Armour
  1708 | D:3      | Gained mutation: You have razor-sharp toenails. [demonic
                  | ancestry]
  1708 | D:3      | Reached XP level 5. HP: 7/41 MP: 5/5
  1708 | D:3      | HP: 2/41 [goblin/+0 dagger (5)]
  2569 | D:4      | Found Vaqyeny's General Store.
  2577 | D:4      | Bought a potion of curing for 30 gold pieces
  2865 | D:5      | Entered Level 5 of the Dungeon
  2883 | D:5      | Found a runed translucent door.
  2885 | D:5      | Found a runed translucent door.
  2885 | D:5      | Noticed a soldier ant
  2893 | D:5      | Noticed a sky beast
  2911 | D:5      | Killed a sky beast
  2911 | D:5      | Reached skill level 4 in Armour
  2911 | D:5      | Gained mutation: You have a pair of small antennae on your
                  | head. [demonic ancestry]
  2911 | D:5      | Reached XP level 6. HP: 23/48 MP: 6/6
  3308 | D:5      | Killed from afar by an orc priest

Levels and vault maps discovered:
D:1:      psy_arrival_basics, layout_loops_ring
D:2:      layout_loops_ring, first_ration
D:3:      minmay_diamond_boxcup, layout_basic, old_standard_altar
D:4:      layout_basic, serial_shops, shop
D:5:      lemuel_insect_pit, layout_basic

Skill      XL: |  1  2  3  4  5 |
---------------+----------------+-----
Throwing       | 2 |  2.0
Armour         | 1 2 3 4 |  4.4
Short Blades   | 3 |  3.5
Fighting       | 3 |  3.9
Dodging        | |  2.6

Action                   |  1- 3 |  4- 6 || total
-------------------------+-------+-------++-------
Melee: Rapier            |    45 |       ||    45
       Dagger            |    79 |   179 ||   258
       Kick              |    16 |    43 ||    59
Throw: Throwing net      |       |     1 ||     1
  Use: Scroll            |       |     5 ||     5
       Potion            |       |     2 ||     2
 Stab: Sleeping          |       |     2 ||     2
  Eat: Chunk             |       |     8 ||     8
Armor: Leather armour    |    43 |    51 ||    94
Dodge: Dodged            |    76 |    99 ||   175
